 Dungeon Crawl Stone Soup version 0.21.1-1-g345015f (webtiles) character file.

92 Tallim the Chiller (level 4, -2/30 HPs)
             Began as a Merfolk Ice Elementalist on July 4, 2018.
             Slain by an orc wizard
             ... wielding a cursed -2 dagger
              (4 damage)
             ... on level 3 of the Dungeon.
             The game lasted 00:08:29 (1752 turns).

Tallim the Chiller (Merfolk Ice Elementalist)       Turns: 1752, Time: 00:08:30

Health: -2/30      AC:  2    Str:  8    XL:     4   Next: 60%
Magic:  0/7        EV: 13    Int: 15    God:
Gold:   147        SH:  0    Dex: 14    Spells: 1/7 levels left

rFire    . . .     SeeInvis .   a - +0 spear
rCold    . . .     Gourm    .   (no shield)
rNeg     . . .     Faith    .   e - +0 robe
rPois    .         Spirit   .   (no helmet)
rElec    .         Reflect  .   (no cloak)
rCorr    .         Harm     .   (no gloves)
MR       .....                  (no boots)
Stlth    ++........             (no amulet)
HPRegen  0.10/turn              (no ring)
MPRegen  0.10/turn              (no ring)

@: very slightly contaminated
A: change form in water, swift swim, stealthy swim
a: no special abilities


You were on level 3 of the Dungeon.
You were hungry.

You visited 1 branch of the dungeon, and saw 3 of its levels.

You collected 147 gold pieces.

Inventory:

Hand Weapons
 a - a +0 spear (weapon)
Armour
 e - a +0 robe (worn)
 g - a +2 ring mail of magic resistance
Scrolls
 f - a scroll of fear {unknown}
 h - a scroll of noise {unknown}
 i - 4 scrolls of remove curse {unknown}
 j - 2 scrolls of identify {unknown}
 l - a scroll of enchant weapon {unknown}
 o - a scroll of magic mapping {unknown}
 p - a scroll of blinking {unknown}
Potions
 d - 2 potions of curing {unknown}
 m - 2 potions of mutation {unknown}
Books
 b - a book of Frost

   Spells                             Type                      Level
   a - Freeze                         Ice                          1
   b - Throw Frost                    Conjuration/Ice              2
   c - Ozocubu's Armour               Charms/Ice                   3
   d - Throw Icicle                   Conjuration/Ice              4
   e - Summon Ice Beast               Ice/Summoning                4
 k - a book of Cantrips

   Spells                             Type                      Level
   a - Confusing Touch                Hexes                        1
   b - Animate Skeleton               Necromancy                   1
   c - Summon Small Mammal            Summoning                    1
   d - Apportation                    Translocation                1
Comestibles
 c - 5 rations
 n - 2 chunks of flesh


   Skills:
 + Level 1.0 Polearms
 + Level 3.4 Dodging
 - Level 2.1 Stealth
 + Level 2.1 Spellcasting
 - Level 0.7 Conjurations
 * Level 5.2 Ice Magic


You had one spell level left.
You knew the following spells:

 Your Spells              Type           Power        Failure   Level  Hunger
a - Freeze                Ice            ###.         2%          1    #......
b - Throw Frost           Conj/Ice       ##....       10%         2    ###....
c - Ozocubu's Armour      Chrm/Ice       #.......     22%         3    ###....


Dungeon Overview and Level Annotations

Branches:
Dungeon (3/15)

Altars:
Elyvilon
Makhleb
Zin


Message History

The quokka bites you. The orc hits you but does no damage.
You are feeling hungry.
You hit the orc wizard.
The orc wizard is lightly wounded.
The orc wizard closely misses you.
The quokka bites you but does no damage.
The orc barely misses you.
The orc wizard hits you but does no damage.
The orc misses you.
You hit the orc wizard but do no damage.
The orc wizard is lightly wounded.
The quokka bites you.
* * * LOW HITPOINT WARNING * * *
The orc wizard hits you but does no damage.
The orc hits you.
* * * LOW HITPOINT WARNING * * *
The quokka misses you. The orc hits you with a dagger.
* * * LOW HITPOINT WARNING * * *
The orc wizard hits you with a dagger.
You die...

.# #.### ..
.#######...#+#.#
................
................
................
......o........
......r....###
......oo@....#
.............#
.#######+#)..#
.....#...+
#...#...# .
#...#...##..
....#............
#.....<.........
...(.............


You could see an orc wizard, 2 orcs and a quokka.

Vanquished Creatures
  Jessica (D:2)
  A gnoll (D:1)
  An ooze (D:2)
  A worm (D:2)
  A dart slug (D:1)
  A leopard gecko (D:1)
  An orc (D:3)
  4 giant cockroaches (D:1)
  6 goblins
  6 hobgoblins
  2 quokkas (D:2)
  4 bats
  4 frilled lizards
  7 kobolds
  4 rats (D:1)
44 creatures vanquished.

Notes
Turn   | Place    | Note
-------+----------+-------------------------------------------
     0 | D:1      | Tallim the Merfolk Ice Elementalist began the quest for the Orb.
     0 | D:1      | Reached XP level 1. HP: 13/13 MP: 3/3
    53 | D:1      | Reached XP level 2. HP: 7/19 MP: 0/5
   103 | D:1      | Reached skill level 4 in Ice Magic
   406 | D:1      | Learned a level 2 spell: Throw Frost
   476 | D:1      | Reached XP level 3. HP: 13/24 MP: 0/6
  1219 | D:2      | Learned a level 3 spell: Ozocubu's Armour
  1406 | D:2      | Noticed Jessica
  1409 | D:2      | Killed Jessica
  1409 | D:2      | Reached skill level 5 in Ice Magic
  1409 | D:2      | Reached XP level 4. HP: 30/30 MP: 2/7
  1590 | D:2      | Found a white marble altar of Elyvilon.
  1636 | D:2      | Reached skill level 1 in Polearms
  1699 | D:2      | Found a burning altar of Makhleb.
  1701 | D:2      | Found a glowing silver altar of Zin.
  1701 | D:2      | Noticed an angel
  1702 | D:2      | Noticed a blizzard demon
  1752 | D:3      | Slain by an orc wizard

Skill      XL: |  1  2  3  4 |
---------------+-------------+-----
Dodging        | 3 |  3.4
Ice Magic      | 4 5 |  5.2
Polearms       | 1 |  1.0
Stealth        | |  2.1
Spellcasting   | |  2.1
Conjurations   | |  0.7

Action                   |  1- 3 |  4- 6 || total
-------------------------+-------+-------++-------
Melee: Unarmed           |     6 |       ||     6
       Spear             |    64 |    19 ||    83
 Cast: Freeze            |    11 |     3 ||    14
       Throw Frost       |    17 |     8 ||    25
 Stab: Distracted        |     1 |       ||     1
       Sleeping          |     1 |       ||     1
  Eat: Ration            |     1 |       ||     1
       Chunk             |       |     1 ||     1
Armor: Robe              |    11 |     3 ||    14
Dodge: Dodged            |    50 |    18 ||    68
